3AAA
SCRANTON SUPERNOVAS @ SANTA BARBARA GOLDEN CRANES
08/29/2023
 
TOP OF THE 1ST
Scranton Supernovas batting - Pitching for Santa Barbara Golden Cranes : RHP Seung-yeop Kim
Pitching: RHP Seung-yeop Kim
Batting: RHB Keith MacKey 0-0: Ball
1-0: Ball
2-0: Ball
3-0: Called Strike
3-1: Base on Balls
Batting: LHB Francisco Ortega 0-0: Foul Ball, location: 2F
0-1: Foul Ball, location: 2F
0-2: Strikes out looking
Batting: RHB Brad Jacobson 0-0: Ball
1-0: Ball
2-0: Swinging Strike
2-1: Ball
3-1: Called Strike
3-2: Foul Ball, location: 2F
3-2: Fly out, F8 (Flyball, 8RM)
Batting: RHB Martín Álvarez 0-0: Ball
1-0: Called Strike
1-1: Called Strike
1-2: Foul Ball, location: 2F
1-2: Ground out 4-3 (Groundball, 4)
Top of the 1st over - 0 run(s), 0 hit(s), 0 error(s), 1 left on base; Scranton 0 - Santa Barbara 0
BOTTOM OF THE 1ST
Santa Barbara Golden Cranes batting - Pitching for Scranton Supernovas : RHP Pedro Rodríguez
Pitching: RHP Pedro Rodríguez
Batting: LHB Job Pels 0-0: Ground out 4-3 (Groundball, 4)
Batting: SHB Kunimichi Chikafuji 0-0: Ball
1-0: Ball
2-0: Swinging Strike
2-1: DOUBLE (Flyball, 7LD)
Batting: RHB John Aston 0-0: Swinging Strike
0-1: Ball
1-1: Swinging Strike
1-2: Ball
2-2: Strikes out swinging
Batting: RHB Bill Taylor 0-0: Called Strike
0-1: Foul Ball, location: 2F
0-2: Foul Ball, location: 2F
0-2: Ground out 5-3 (Groundball, 5L)
Bottom of the 1st over - 0 run(s), 1 hit(s), 0 error(s), 1 left on base; Scranton 0 - Santa Barbara 0
TOP OF THE 2ND
Scranton Supernovas batting - Pitching for Santa Barbara Golden Cranes : RHP Seung-yeop Kim
Batting: RHB Ethan Stanford 0-0: Fly out, F9 (Flyball, 89M)
Batting: RHB Jason Duncan 0-0: Ball
1-0: Called Strike
1-1: Foul Ball, location: 2F
1-2: Strikes out swinging
Batting: LHB Pedro López 0-0: Ball
1-0: Swinging Strike
1-1: Called Strike
1-2: Ball
2-2: Strikes out looking
Top of the 2nd over - 0 run(s), 0 hit(s), 0 error(s), 0 left on base; Scranton 0 - Santa Barbara 0
BOTTOM OF THE 2ND
Santa Barbara Golden Cranes batting - Pitching for Scranton Supernovas : RHP Pedro Rodríguez
Batting: LHB Walter Kirk 0-0: Foul Ball, location: 2F
0-1: Ground out 3-1 (Groundball, 34)
Batting: RHB Rob Thomason 0-0: Ball
1-0: SOLO HOME RUN (Flyball, 7D), Distance : 384 ft
Batting: RHB Kyle Dempsey 0-0: Called Strike
0-1: Fly out, F8 (Flyball, 8LD)
Batting: LHB José Meléndez 0-0: Called Strike
0-1: Ball
1-1: Ball
2-1: Ball
3-1: Base on Balls
Batting: RHB San-gui Liang 0-0: Called Strike
0-1: Ball
1-1: Ball
2-1: Foul Ball, location: 2F
2-2: Foul Ball, location: 2F
2-2: Strikes out swinging
Bottom of the 2nd over - 1 run(s), 1 hit(s), 0 error(s), 1 left on base; Scranton 0 - Santa Barbara 1
TOP OF THE 3RD
Scranton Supernovas batting - Pitching for Santa Barbara Golden Cranes : RHP Seung-yeop Kim
Batting: RHB Sergio Canales 0-0: Swinging Strike
0-1: Ground out 6-3 (Groundball, 6)
Batting: SHB Neil Nash 0-0: Ball
1-0: Swinging Strike
1-1: Ball
2-1: Ball
3-1: Base on Balls
Batting: RHB Keith MacKey 0-0: Ball
1-0: Ball
2-0: Swinging Strike
2-1: Swinging Strike
2-2: Ball
3-2: Base on Balls
Neil Nash to second
Batting: LHB Francisco Ortega 0-0: Called Strike
0-1: Ball
1-1: Fielders Choice at 2nd, 6-4 (Groundball, 6M)
Neil Nash to third
Batting: RHB Brad Jacobson 0-0: Called Strike
0-1: Called Strike
Francisco Ortega steals 2nd base
0-2: Foul Ball, location: 2F
0-2: Ball
1-2: Ball
2-2: Ball
3-2: Fly out, F7 (Flyball, 7D)
Top of the 3rd over - 0 run(s), 0 hit(s), 0 error(s), 2 left on base; Scranton 0 - Santa Barbara 1
BOTTOM OF THE 3RD
Santa Barbara Golden Cranes batting - Pitching for Scranton Supernovas : RHP Pedro Rodríguez
Batting: LHB Job Pels 0-0: Foul Ball, location: 2F
0-1: Ball
1-1: SINGLE (Line Drive, 6D)
Batting: SHB Kunimichi Chikafuji 0-0: Foul Ball, location: 2F
0-1: Fielders Choice at 2nd, 4-6 (Groundball, 4)
Batting: RHB John Aston 0-0: Called Strike
0-1: Foul Ball, location: 2F
0-2: Ball
1-2: Ground out 5-3 (Groundball, 56S)
Kunimichi Chikafuji to second
Batting: RHB Bill Taylor 0-0: Called Strike
0-1: Ball
1-1: Called Strike
1-2: Ball
2-2: Fly out, F8 (Flyball, 8RM)
Bottom of the 3rd over - 0 run(s), 1 hit(s), 0 error(s), 1 left on base; Scranton 0 - Santa Barbara 1
TOP OF THE 4TH
Scranton Supernovas batting - Pitching for Santa Barbara Golden Cranes : RHP Seung-yeop Kim
Batting: RHB Martín Álvarez 0-0: Ball
1-0: Foul Ball, location: 2F
1-1: SOLO HOME RUN (Flyball, 8LXD), Distance : 435 ft
Batting: RHB Ethan Stanford 0-0: Ball
1-0: Called Strike
1-1: Called Strike
1-2: Ball
2-2: Foul Ball, location: 2F
2-2: Foul Ball, location: 2F
2-2: Foul Ball, location: 2F
2-2: SINGLE (Groundball, 4MD)
Batting: RHB Jason Duncan 0-0: Called Strike
0-1: Fly out, F2 (Popup, 2RF)
Batting: LHB Pedro López 0-0: Called Strike
0-1: Called Strike
Ethan Stanford steals 2nd base
0-2: Strikes out swinging
Batting: RHB Sergio Canales 0-0: Fly out, F9 (Flyball, 9LM)
Top of the 4th over - 1 run(s), 2 hit(s), 0 error(s), 1 left on base; Scranton 1 - Santa Barbara 1
BOTTOM OF THE 4TH
Santa Barbara Golden Cranes batting - Pitching for Scranton Supernovas : RHP Pedro Rodríguez
Batting: LHB Walter Kirk 0-0: Fly out, F8 (Flyball, 78D)
Batting: RHB Rob Thomason 0-0: Ball
1-0: Called Strike
1-1: Foul Ball, location: 2F
1-2: Fly out, F9 (Line Drive, 89D)
Batting: RHB Kyle Dempsey 0-0: Ball
1-0: Ball
2-0: Ball
3-0: Base on Balls
Batting: LHB José Meléndez 0-0: Ball
1-0: Called Strike
1-1: Foul Ball, location: 2F
1-2: Foul Ball, location: 2F
1-2: Ball
2-2: Ball
3-2: SINGLE (Flyball, 7S)
Kyle Dempsey to second
Kyle Dempsey to third
Batting: RHB San-gui Liang 0-0: Ball
1-0: Ball
2-0: Foul Ball, location: 2F
2-1: Foul Ball, location: 2F
2-2: Foul Ball, location: 2F
2-2: Ball
3-2: Foul Ball, location: 2F
3-2: Strikes out looking
Bottom of the 4th over - 0 run(s), 1 hit(s), 0 error(s), 2 left on base; Scranton 1 - Santa Barbara 1
TOP OF THE 5TH
Scranton Supernovas batting - Pitching for Santa Barbara Golden Cranes : RHP Seung-yeop Kim
Batting: SHB Neil Nash 0-0: Called Strike
0-1: SINGLE (Groundball, 6MD)
Batting: RHB Keith MacKey 0-0: Sac Bunt - play at first, batter OUT! 1-4
Neil Nash to second
Batting: LHB Francisco Ortega 0-0: Ball
1-0: Called Strike
1-1: Swinging Strike
1-2: Ball
2-2: Strikes out looking
Batting: RHB Brad Jacobson 0-0: Called Strike
0-1: Ball
1-1: Called Strike
1-2: Foul Ball, location: 2F
1-2: Ground out 6-3 (Groundball, 6MD)
Top of the 5th over - 0 run(s), 1 hit(s), 0 error(s), 1 left on base; Scranton 1 - Santa Barbara 1
BOTTOM OF THE 5TH
Santa Barbara Golden Cranes batting - Pitching for Scranton Supernovas : RHP Pedro Rodríguez
Batting: LHB Job Pels 0-0: Ball
1-0: Swinging Strike
1-1: SINGLE (Groundball, 6MD)
Batting: SHB Kunimichi Chikafuji 0-0: Bunted foul
0-1: Bunted foul
0-2: Foul Ball, location: 2F
0-2: Ball
1-2: SINGLE (Line Drive, 89M)
Job Pels to second
Job Pels to third
Batting: RHB John Aston 0-0: Ball
1-0: Foul Ball, location: 2F
1-1: Ball
2-1: Swinging Strike
2-2: Foul Ball, location: 2F
2-2: Fly out, F8 (Line Drive, 8LD)
Runner from 3rd tags up, SCORES, no throw
Batting: RHB Bill Taylor 0-0: Ball
1-0: Swinging Strike
1-1: Ball
Kunimichi Chikafuji is caught stealing 2nd base
2-1: Foul Ball, location: 2F
2-2: Ball
3-2: Foul Ball, location: 2F
3-2: Ground out 5-3 (Groundball, 56S)
Bottom of the 5th over - 1 run(s), 2 hit(s), 0 error(s), 0 left on base; Scranton 1 - Santa Barbara 2
TOP OF THE 6TH
Scranton Supernovas batting - Pitching for Santa Barbara Golden Cranes : RHP Seung-yeop Kim
Batting: RHB Martín Álvarez 0-0: SINGLE (Groundball, 4MD)
Batting: RHB Ethan Stanford 0-0: Ball
1-0: SINGLE (Groundball, 56D)
Martín Álvarez to second
Batting: RHB Jason Duncan 0-0: Called Strike
0-1: Swinging Strike
0-2: Strikes out swinging
Batting: LHB Pedro López 0-0: Ball
1-0: Foul Ball, location: 2F
1-1: Ball
2-1: Called Strike
2-2: Ball
3-2: SINGLE (Flyball, 89S)
Martín Álvarez to third
Ethan Stanford to second
Runner from 3rd tries for Home, SAFE, throw made home
Ethan Stanford to third
Pedro López to second
Pitching: RHP Jason Troughton
Batting: RHB Sergio Canales 0-0: SINGLE (Groundball, 15S) (infield hit)
Ethan Stanford scores
Pedro López to third
Batting: SHB Neil Nash 0-0: Grounds into double play, 4-6-3 (Groundball, 4)
Top of the 6th over - 2 run(s), 4 hit(s), 0 error(s), 1 left on base; Scranton 3 - Santa Barbara 2
BOTTOM OF THE 6TH
Santa Barbara Golden Cranes batting - Pitching for Scranton Supernovas : RHP Pedro Rodríguez
Batting: LHB Walter Kirk 0-0: Ball
1-0: Ball
2-0: SINGLE (Groundball, 4MD)
Pitching: LHP José Sandoval
Batting: RHB Rob Thomason 0-0: Ball
1-0: Ball
2-0: Bunted foul
2-1: Sac Bunt - play at first, batter safe!
Walter Kirk to second
Batting: RHB Kyle Dempsey 0-0: Sac Bunt - play at first, batter OUT! 1-4
Walter Kirk to third
Rob Thomason to second
Batting: LHB José Meléndez 0-0: Called Strike
0-1: Ball
1-1: Swinging Strike
1-2: Foul Ball, location: 2F
1-2: Hit by Pitch
Batting: RHB San-gui Liang 0-0: Called Strike
0-1: Ball
1-1: Ball
2-1: SINGLE (Groundball, 5D)
Walter Kirk scores
Rob Thomason to third
José Meléndez to second
Batting: LHB Job Pels 0-0: Ball
1-0: Ball
2-0: Foul Ball, location: 2F
2-1: Ball
3-1: Base on Balls
Rob Thomason scores
José Meléndez to third
San-gui Liang to second
Batting: SHB Kunimichi Chikafuji 0-0: Foul Ball, location: 2F
0-1: Foul Ball, location: 2F
0-2: Fly out, F4 (Popup, 8RS)
Batting: RHB John Aston 0-0: Ball
1-0: Ball
Wild Pitch!
José Meléndez scores
San-gui Liang to third
Job Pels to second
2-0: Called Strike
2-1: Called Strike
2-2: Fly out, F8 (Flyball, 8LXD)
Bottom of the 6th over - 3 run(s), 3 hit(s), 0 error(s), 2 left on base; Scranton 3 - Santa Barbara 5
TOP OF THE 7TH
Scranton Supernovas batting - Pitching for Santa Barbara Golden Cranes : RHP Jason Troughton
Batting: RHB Keith MacKey 0-0: Swinging Strike
0-1: Foul Ball, location: 2F
0-2: Ball
1-2: Strikes out swinging
Batting: LHB Francisco Ortega 0-0: Ball
1-0: Fly out, F4 (Line Drive, 4)
Batting: RHB Brad Jacobson 0-0: Swinging Strike
0-1: SOLO HOME RUN (Flyball, 7LD), Distance : 358 ft
Batting: RHB Martín Álvarez 0-0: Ball
1-0: Called Strike
1-1: Ball
2-1: Foul Ball, location: 2F
2-2: DOUBLE (Flyball, 89D)
Batting: RHB Ethan Stanford 0-0: Swinging Strike
0-1: Swinging Strike
0-2: Strikes out swinging
Top of the 7th over - 1 run(s), 2 hit(s), 0 error(s), 1 left on base; Scranton 4 - Santa Barbara 5
BOTTOM OF THE 7TH
Santa Barbara Golden Cranes batting - Pitching for Scranton Supernovas : LHP José Sandoval
Batting: RHB Bill Taylor 0-0: Called Strike
0-1: Ball
1-1: SINGLE (Groundball, 56D)
Pinch Hitting: RHB Jake Hutchinson 0-0: Ball
1-0: Foul Ball, location: 2F
1-1: Ball
2-1: Swinging Strike
2-2: Foul Ball, location: 2F
2-2: Grounds into double play, 6-4-3 (Groundball, 6)
Batting: RHB Rob Thomason 0-0: Called Strike
0-1: Foul Ball, location: 2F
0-2: Strikes out swinging
Bottom of the 7th over - 0 run(s), 1 hit(s), 0 error(s), 0 left on base; Scranton 4 - Santa Barbara 5
TOP OF THE 8TH
Scranton Supernovas batting - Pitching for Santa Barbara Golden Cranes : RHP Jason Troughton
Pitching: RHP Henri Pollini
Now at 3B: Jake Hutchinson
Batting: RHB Jason Duncan 0-0: Called Strike
0-1: Foul Ball, location: 2F
0-2: Ball
1-2: Strikes out swinging
Pitching: LHP Doug Robinson
Batting: LHB Pedro López 0-0: Called Strike
0-1: Ball
1-1: Ball
2-1: Foul Ball, location: 2F
2-2: Ball
3-2: Foul Ball, location: 2F
3-2: Foul Ball, location: 2F
3-2: Base on Balls
Pitching: RHP Herman Barnes
Pinch Hitting: LHB Steven Johnson 0-0: Swinging Strike
0-1: Fly out, F8 (Flyball, 8LM)
Pitching: RHP Chance Wiley
Batting: SHB Neil Nash 0-0: Ground out 1-3 (Groundball, 13)
Top of the 8th over - 0 run(s), 0 hit(s), 0 error(s), 1 left on base; Scranton 4 - Santa Barbara 5
BOTTOM OF THE 8TH
Santa Barbara Golden Cranes batting - Pitching for Scranton Supernovas : LHP José Sandoval
Now at 3B: Chris Henderson
Batting: RHB Kyle Dempsey 0-0: Called Strike
0-1: Foul Ball, location: 2F
0-2: Hit by Pitch
Batting: LHB José Meléndez 0-0: Bunted foul
0-1: Sac Bunt - play at first, batter OUT! 1-4
Kyle Dempsey to second
Batting: RHB San-gui Liang 0-0: Intentional Walk
Pitching: LHP Raúl Melro
Pinch Hitting: RHB Jim Unknown 0-0: DOUBLE (Line Drive, 78M)
Kyle Dempsey scores
San-gui Liang to third
Runner from 3rd tries for Home, SAFE, throw made at trailing runner, SAFE at third!
Batting: SHB Kunimichi Chikafuji 0-0: Ball
1-0: Foul Ball, location: 2F
1-1: Swinging Strike
1-2: Strikes out swinging
Batting: RHB John Aston 0-0: Ball
1-0: Foul Ball, location: 2F
1-1: Ball
2-1: Fly out, F8 (Flyball, 8LD)
Bottom of the 8th over - 2 run(s), 1 hit(s), 0 error(s), 1 left on base; Scranton 4 - Santa Barbara 7
TOP OF THE 9TH
Scranton Supernovas batting - Pitching for Santa Barbara Golden Cranes : RHP Chance Wiley
Pitching: RHP Luis Oliva
Now at 2B: Jim Unknown
Batting: RHB Keith MacKey 0-0: Foul Ball, location: 2F
0-1: Ball
1-1: Foul Ball, location: 2F
1-2: Strikes out swinging
Batting: LHB Francisco Ortega 0-0: DOUBLE (Line Drive, 9LM)
Batting: RHB Brad Jacobson 0-0: Swinging Strike
0-1: Ground out 6-3 (Groundball, 6)
Francisco Ortega to third
Batting: RHB Martín Álvarez 0-0: Ball
1-0: Ground out 5-3 (Groundball, 5S)
Top of the 9th over - 0 run(s), 1 hit(s), 0 error(s), 1 left on base; Scranton 4 - Santa Barbara 7
This league is powered by Out of the Park Baseball, the baseball management simulation game for PC, Mac and Linux
Friday, July 8th, 2016 - OOTP Baseball 16.9 Build 39